 Dungeon Crawl Stone Soup version 0.30.1-3-gfc49f6343a (webtiles) character file.

Game seed: 15358071630403802674

97 zeram the Covered (level 4, -6/29 HPs)
             Began as a Gargoyle Fighter on Aug 2, 2023.
             Killed from afar by Natasha (8 damage)
             ... with a magic dart
             ... on level 2 of the Dungeon.
             The game lasted 00:02:40 (1366 turns).

zeram the Covered (Gargoyle Fighter)                Turns: 1366, Time: 00:02:40

Health: -6/29      AC:  0    Str: 22    XL:     4   Next: 68%
Magic:  4/4        EV: 13    Int:  8    God:
Gold:   148        SH:  0    Dex:  9    Spells: 3/3 levels left

rFire   . . .        a - melded +0 flail
rCold   . . .        c - melded +0 buckler
rNeg    + . .        b - melded +1 scale mail
rPois   ∞            (helmet currently unavailable)
rElec   .            (cloak currently unavailable)
rCorr   .            (gloves currently unavailable)
SInv    .            (boots currently unavailable)
Will    .....        (no amulet)
Stlth   +            g - melded ring of protection from cold
HPRegen 0.24/turn    (ring currently unavailable)
MPRegen 0.09/turn

%: no passive effects
@: pig-form, slowed, studying Staves
A: fast, no casting, sickness immunity, AC +3, small, negative energy resistance
1, (electricity resistance), torment resistance 1, petrification resistance
a: no special abilities


You were on level 2 of the Dungeon.
You were a filthy swine.
You visited 1 branch of the dungeon, and saw 2 of its levels.

You collected 148 gold pieces.

Inventory:

Hand Weapons
 a - a +0 flail (melded)
Armour
 b - a +1 scale mail (melded)
 c - a +0 buckler (melded)
Jewellery
 e - the ring of Matomm {Drain rElec rC+ Str+3 SInv}
   (You found it on level 2 of the Dungeon)

   [ring of protection from cold]

   Str:       It affects your strength (+3).
   rC:        It protects you from cold.
   rElec:     It insulates you from electricity.
   SInv:      It lets you see invisible.
   Drain:     It drains your maximum health when unequipped.
 g - a ring of protection from cold (melded)
Potions
 d - 2 potions of might
 f - a potion of haste
 i - a potion of attraction {unknown}


   Skills:
 + Level 3.8 Fighting
 + Level 3.3 Maces & Flails
 + Level 3.9 Armour
 + Level 0.4 Dodging
 + Level 3.8 Shields


You had 3 spell levels left.
You didn't know any spells.
Your spell library was empty.

Dungeon Overview and Level Annotations

Branches:
Dungeon (2/15)

Altars:
Trog

Annotations:
D:2 Natasha


Innate Abilities, Weirdness & Mutations

You are a filthy swine.
You move quickly.
Your equipment is almost entirely melded.
You are incapable of wielding weapons or throwing items.
You cannot cast spells.
You are immune to sickness and miasma.
((Your stone body is resilient. (AC +3)))
You are immune to poison.
You resist negative energy. (rN+)
((You are resistant to electric shocks. (rElec)))
You are resistant to unholy torment.
You are immune to petrification.


Message History

Key pressed, stopping explore.
Natasha, Servant of Life and Death comes into view.
She is carrying a wand of polymorph (7).
Natasha is nearby!
Natasha is nearby!
Natasha is nearby!
Natasha hisses angrily.
Natasha zaps a wand.
You turn into a filthy swine.
Your +0 flail melds into your body.
Your +0 buckler melds into your body.
Your +1 scale mail melds into your body.
Your ring of protection from cold melds into your body.
There is an open door here.
You barely miss Natasha. Natasha claws you.
You hit Natasha but do no damage. Natasha misses you.
You closely miss Natasha. Natasha claws you!
You hit Natasha.
Natasha is lightly wounded.
Natasha claws you.
You closely miss Natasha.
Natasha is lightly wounded.
Natasha completely misses you.
You hit Natasha.
Natasha is moderately wounded.
Natasha casts a spell.
You hit Natasha but do no damage.
Natasha is moderately wounded.
Natasha claws you.
* * * LOW HITPOINT WARNING * * *
You barely miss Natasha.
Natasha is moderately wounded.
Natasha claws you.
* * * LOW HITPOINT WARNING * * *
The cerulean imp hits you from afar with a +2 spear.
* * * LOW HITPOINT WARNING * * *
Natasha wildly gestures.
Natasha shimmers violently.
Natasha stares at you and mumbles some strange words.
You feel yourself slow down. Natasha casts a spell at you.
The magic dart hits you!
You die...

.........### #.#
#.#.######### ...........#
#.####.#.# ######(....#
#......#.# #.....#
########'###### #.....######
#.......# #.....#....#
#.......# #...<.'5...#
#....?..#
####'##h...####.......#
#.##....h..'.......#
#.##.....###.......# #
#.###.##.###.......# # #.#
#.##........>..# ## #.#
#.#####........#
.########.###......(.......#
............####..)........#
............####....########
....).......'.##....#


You could see Natasha and a cerulean imp (summoned).

Vanquished Creatures
  Natasha (D:2)
  An adder (D:2)
  2 worms (D:2)
  8 ball pythons
  8 endoplasms
  3 giant cockroaches
  7 hobgoblins
  3 quokkas
  4 bats
  A frilled lizard (D:1)
  6 goblins
  6 rats
50 creatures vanquished.

Notes
Turn   | Place    | Note
-------+----------+-------------------------------------------
     0 | D:1      | zeram the Gargoyle Fighter began the quest for the Orb.
     0 | D:1      | Reached XP level 1. HP: 14/14 MP: 1/1
    69 | D:1      | Reached XP level 2. HP: 10/19 MP: 2/2
   371 | D:1      | Reached XP level 3. HP: 24/24 MP: 3/3
  1034 | D:2      | Reached XP level 4. HP: 29/29 MP: 4/4
  1142 | D:2      | Found a bloodstained altar of Trog.
  1184 | D:2      | Identified the ring of Matomm {Drain rElec rC+ Str+3 SInv}
  1225 | D:2      | Noticed Natasha
  1233 | D:2      | Killed Natasha
  1350 | D:2      | Noticed Natasha
  1366 | D:2      | Killed from afar by Natasha

Illustrated notes

Levels and vault maps discovered:
D:1:      onia_arrival_handbag, layout_basic, minmay_3d_cube
D:2:      layout_basic, basic_altar, minmay_split_cup_small, uniq_natasha

Skill      XL: |  1  2  3  4 |
---------------+-------------+-----
Maces & Flails | 3 |  3.3
Fighting       | |  3.8
Armour         | |  3.9
Dodging        | |  0.4
Shields        | |  3.8

Action                     |  1- 3 |  4- 6 || total
---------------------------+-------+-------++-------
  Melee: Flail             |   126 |    18 ||   144
         Unarmed           |       |     8 ||     8
    Use: Scroll            |     5 |       ||     5
 Armour: Scale mail        |    74 |    14 ||    88
  Dodge: Dodged            |    69 |    14 ||    83
  Block: Buckler           |    29 |     5 ||    34
